 Dungeon Crawl Stone Soup version 0.30-a0-149-g7f746667c4 (webtiles) character file.

Game seed: 17227286965219558945

4172 greasedhog the Transmogrifier (level 10, -4/59 HPs)
             Began as a Gargoyle Transmuter on Sept 26, 2022.
             Slain by a wight
             ... wielding a +1 vorpal spear
              (10 damage)
             ... on level 8 of the Dungeon.
             The game lasted 00:17:07 (10087 turns).

greasedhog the Transmogrifier (GrTm)               Turns: 10087, Time: 00:17:08

Health: -4/59      AC: 20    Str: 16    XL:     10   Next: 28%
Magic:  10/13      EV: 11    Int: 13    God:
Gold:   1395       SH:  0    Dex: 10    Spells: 3/13 levels left

rFire   . . .      SeeInvis +      - Unarmed
rCold   + + .      Faith    .    (no shield)
rNeg    + . .      Spirit   .    i - +1 leather armour "Qeffigh" {rElec rC++ Str-3 SInv}
rPois   ∞          Reflect  .    l - +1 helmet
rElec   +          Harm     .    t - +0 cloak
rCorr   .          Rampage  .    u - +0 pair of gloves
Will    .....                    (no boots)
Stlth   +.........               e - amulet of the acrobat
HPRegen 0.19/turn                f - +4 ring of protection
MPRegen 0.13/turn                s - ring of see invisible

@: no status effects
A: sickness immunity, AC +7, negative energy resistance 1, electricity
resistance, torment resistance 1, petrification resistance
a: no special abilities


You were on level 8 of the Dungeon.
You visited 2 branches of the dungeon, and saw 9 of its levels.

You collected 1395 gold pieces.

Inventory:

Missiles
 k - a throwing net
Armour
 i - the +1 leather armour "Qeffigh" (worn) {rElec rC++ Str-3 SInv}
   (You found it on level 2 of the Dungeon)

   Str:       It affects your strength (-3).
   rC:        It greatly protects you from cold.
   rElec:     It insulates you from electricity.
   SInv:      It lets you see invisible.
 l - a +1 helmet (worn)
 t - a +0 cloak (worn)
 u - a +0 pair of gloves (worn)
Jewellery
 e - an amulet of the acrobat (around neck)
 f - a +4 ring of protection (left hand)
 s - a ring of see invisible (right hand)
Wands
 p - a wand of paralysis (6)
 q - a wand of polymorph (5)
Scrolls
 b - 5 scrolls of teleportation
 g - a scroll of enchant weapon
 h - 2 scrolls of immolation
 j - a scroll of amnesia
 m - a scroll of fear
 o - a scroll of blinking {unknown}
Potions
 a - 2 potions of resistance {unknown}
 c - a potion of mutation {unknown}
 n - 2 potions of attraction {unknown}
 r - a potion of brilliance {unknown}


   Skills:
 - Level 5.0 Fighting
 - Level 5.5 Armour
 - Level 1.5 Dodging
 - Level 5.0 Unarmed Combat
 * Level 2.3 Spellcasting
 * Level 8.7 Transmutations
 * Level 2.6 Ice Magic
 - Level 5.7 Poison Magic


You had 3 spell levels left.
You knew the following spells:

 Your Spells              Type           Power      Damage    Failure   Level
a - Beastly Appendage     Tmut           48%        N/A       1%          1
b - Wereblood             Tmut           24%        N/A       1%          2
c - Spider Form           Tmut/Pois      20%        N/A       4%          3
d - Ice Form              Ice/Tmut       16%        N/A       28%         4

Your spell library contained the following spells:

 Spells                   Type           Power      Damage    Failure   Level
 Necrotise                Necr           4%         1d4       30%         1
 Blink                    Tloc           2%         N/A       41%         2
 Static Discharge         Conj/Air       2%         2-3/arc   41%         2
 Lesser Beckoning         Tloc           1%         N/A       65%         3
 Summon Guardian Golem    Hex/Summ       1%         N/A       65%         3
 Vampiric Draining        Necr           1%         2d6       65%         3
 Dispel Undead            Necr           1%         3d6       96%         4
 Manifold Assault         Tloc           1%         N/A       96%         4
 Sticky Flame             Conj/Fire      1%         2d3       96%         4
 Agony                    Necr           1%         N/A       100%        5
 Death Channel            Necr           0%         N/A       100%        6
 Orb of Destruction       Conj           0%         9d5       100%        7
 Spellforged Servitor     Conj/Summ      0%         N/A       100%        7
 Cigotuvi's Dreadful Rot  Necr/Pois/Air  Unusable   N/A       N/A         2

Dungeon Overview and Level Annotations

Branches:
Dungeon (8/15)             Temple (1/1) D:4
   Lair: D:8-11

Altars:
Ashenzari
Cheibriados
Elyvilon
Gozag
Hepliaklqana
Makhleb
Nemelex Xobeh
Okawaru
Qazlal
Ru
Uskayaw
Vehumet
Wu Jian
Zin
The Shining One

Shops:
D:7 *[

Annotations:
D:7 ytrimaz's ghost, novice OpTm


Innate Abilities, Weirdness & Mutations

You are immune to sickness and miasma.
Your stone body is resilient. (AC +7)
You are immune to poison.
You resist negative energy. (rN+)
You are resistant to electric shocks. (rElec)
You are resistant to unholy torment.
You are immune to petrification.


Message History

The wight hits you from afar with a +1 vorpal spear.
You hit the wight.
The wight is heavily damaged.
The wight closely misses you. The wight attacks as you move away!
The wight hits you with a +4 battleaxe. The wight closely misses you.
The wight barely misses you. The wight attacks as you move away!
The wight barely misses you.
You open the door.
The wight closely misses you. x2; The wight misses you.
You hit the wight.
The wight is severely damaged.
Your transformation is almost over.
The wight closely misses you. The wight hits you with a +4 hand axe!
The wight misses you.
Your primal bloodlust is almost over.
There is an open door here.
You hit the wight but do no damage.
The wight is severely damaged.
You bite the wight!
You feel a bit better.
You destroy the wight!
You hit the wight but do no damage. The wight hits you with a +4 hand axe!
* * * LOW HITPOINT WARNING * * *
Your primal bloodlust has ended.
You hit the wight but do no damage. The wight hits you but does no damage.
The wight completely misses you.
You hit the wight.
The wight is lightly damaged.
Your transformation has ended.
Your +0 cloak unmelds from your body.
Your +0 helmet unmelds from your body.
Your +0 pair of gloves unmelds from your body.
The +1 leather armour "Qeffigh" {rElec rC++ Str-3 SInv} unmelds from your body.
The wight hits you from afar with a +1 vorpal spear.
* * * LOW HITPOINT WARNING * * *
x2 The wight barely misses you.
The wight attacks as you move away! The wight hits you with a +4 hand axe!
* * * LOW HITPOINT WARNING * * *
As you read the scroll labelled WEUXOU POT KOU, it crumbles to dust.
It is a scroll of enchant armour.
Your +0 helmet glows green for a moment.
The wight hits you from afar with a +1 vorpal spear!
You die...

..............#...........#
..........###+#...........#
.......##'#...............#
....................#######
....................#
....................#
....................#
.......######+#.....# ..
.......#......#.@z..# ###+##..
.......#......#.....######.......
.......#..##..#...z)#....#.......
.......#..##..#.....'....#..z....
..<....#..#...#.....#....+...z.).
.......#..'...#.....###†##.......
.......'..#...'........†.........
.......########...........#'#####
.......# #...........#...#


You could see 2 wights.

Vanquished Creatures
  Pikel (D:7)
  A wyvern (D:8)
  Eustachio (D:6)
  A vampire mosquito (D:7)
  A steam dragon (D:6)
  Menkaure (D:6)
  2 water moccasins
  3 orc warriors (D:7)
  2 black bears
  2 ice beasts (D:7)
  A sky beast (D:6)
  An ogre (D:7)
  2 centaurs
  A lemure (D:7)
  A phantom (D:7)
  3 necrophages
  5 bullfrogs (D:7)
  2 scorpions
  A wight (D:8)
  2 howler monkeys
  Crazy Yiuf (D:7)
  A gnoll bouda (D:6)
  5 hounds
  2 jellies
  10 orc priests
  4 iguanas
  6 orc wizards
  7 gnolls
  5 adders
  3 white imps
  An ufetubus (D:5)
  A worm (D:2)
  2 dart slugs
  34 orcs
  5 endoplasms
  3 giant cockroaches
  3 goblins
  4 hobgoblins
  4 quokkas
  5 ball pythons
  6 bats
  5 frilled lizards
  5 kobolds
  8 rats
164 creatures vanquished.

Notes
Turn   | Place    | Note
-------+----------+-------------------------------------------
     0 | D:1      | greasedhog the Gargoyle Transmuter began the quest for the
                  | Orb.
     0 | D:1      | Reached XP level 1. HP: 12/12 MP: 3/3
   335 | D:1      | Reached XP level 2. HP: 12/16 MP: 3/5
   468 | D:1      | Learned a level 2 spell: Wereblood
   548 | D:1      | Reached skill level 2 in Transmutations
   764 | D:1      | Identified a scroll of acquirement
   764 | D:1      | Acquired 275 gold pieces
   906 | D:2      | Reached XP level 3. HP: 16/20 MP: 4/6
   910 | D:2      | Learned a level 3 spell: Spider Form
  1051 | D:2      | Identified the +1 leather armour "Qeffigh" {rElec rC++
                  | Str-3 SInv}
  1103 | D:2      | Found a faded altar of an unknown god.
  1528 | D:2      | Reached XP level 4. HP: 24/25 MP: 3/7
  1628 | D:2      | Reached skill level 3 in Transmutations
  1631 | D:2      | Reached XP level 5. HP: 16/29 MP: 5/8
  2163 | D:3      | Found a sparkling altar of Nemelex Xobeh.
  3194 | D:4      | Reached skill level 5 in Unarmed Combat
  3203 | D:4      | Reached XP level 6. HP: 34/34 MP: 7/9
  3237 | D:3      | Reached skill level 4 in Transmutations
  3753 | D:4      | Reached XP level 7. HP: 24/41 MP: 7/10
  4116 | D:4      | Found a staircase to the Ecumenical Temple.
  4146 | Temple   | Entered the Ecumenical Temple
  4493 | D:4      | Found a snail-covered altar of Cheibriados.
  4542 | D:4      | Found a sacrificial altar of Ru.
  4606 | D:5      | Entered Level 5 of the Dungeon
  4633 | D:5      | Reached skill level 5 in Transmutations
  4934 | D:5      | Reached skill level 5 in Fighting
  4934 | D:5      | Reached XP level 8. HP: 49/49 MP: 8/11
  4948 | D:5      | Reached skill level 1 in Armour
  5501 | D:5      | Identified the +1 ring mail of Foumam {rC+ MP+9}
  5647 | D:6      | Reached skill level 6 in Transmutations
  5748 | D:6      | Noticed Eustachio
  5857 | D:6      | Killed Eustachio
  6056 | D:6      | Reached skill level 5 in Armour
  6056 | D:6      | Reached XP level 9. HP: 18/54 MP: 7/12
  6143 | D:6      | Reached skill level 7 in Transmutations
  6324 | D:6      | Learned a level 4 spell: Ice Form
  6666 | D:6      | Noticed Menkaure
  6691 | D:6      | Killed Menkaure
  6692 | D:6      | Reached skill level 1 in Poison Magic
  7531 | D:7      | Found Ahaigaxu's Lightly-Used Armoury.
  7799 | D:7      | Noticed ytrimaz's ghost (novice OpTm)
  7822 | D:7      | Noticed Pikel
  7836 | D:7      | Killed Pikel
  7837 | D:7      | Reached skill level 8 in Transmutations
  8424 | D:7      | Reached skill level 5 in Poison Magic
  8489 | D:7      | Noticed Joseph
  8491 | D:7      | Found Saiciy's Armour Shoppe.
  8510 | D:7      | Found a transporter.
  8531 | D:7      | Reached XP level 10. HP: 59/59 MP: 8/13
  8554 | D:7      | Reached skill level 1 in Ice Magic
  8568 | D:7      | Joseph changed into Joseph the bullfrog
  8568 | D:7      | Noticed Joseph
  8576 | D:7      | HP: 2/59 [Joseph the bullfrog (5)]
  8577 | D:7      | Killed Joseph the bullfrog
  8965 | D:7      | Found a transporter.
  8996 | D:7      | Found a runed translucent door.
  8997 | D:7      | Noticed Crazy Yiuf
  9288 | D:7      | Killed Crazy Yiuf
  9652 | D:7      | Acquired 807 gold pieces
 10087 | D:8      | Slain by a wight

Illustrated notes

Levels and vault maps discovered:
D:1:      dpeg_arrival_tiny_a, layout_loops_cross
D:2:      cheibrodos_pilgrimage, layout_basic,
          hellmonk_ecumenical_altar_inner_sanctum, minmay_misc_feat_columns,
          minmay_cupped
D:3:      layout_basic, mainiacjoe_overflow_24_doors, chequers_garden
D:4:      layout_rooms, nicolae_ru_path_of_blood, mainiacjoe_overflow_boulevard,
          minmay_temple_entry_slanted
D:5:      layout_loops_cross, serial_park_tiny_pond
D:6:      layout_layer_cave, glass_columns_c, uniq_menkaure, uniq_eustachio
D:7:      cheibrodos_quashed, layout_basic, gammafunk_ghost_arena,
          minmay_shop_damaged, kennysheep_windowed_goal, uniq_joseph,
          uniq_pikel, uniq_crazy_yiuf_cottage
D:8:      layout_gridville
Temple:   nicolae_temple_bog_church

Skill      XL: |  1  2  3  4  5  6  7  8  9 10 |
---------------+-------------------------------+-----
Transmutations | 2 3 4 5 6 8 |  8.7
Unarmed Combat | 4 5 |  5.0
Fighting       | 3 5 |  5.0
Armour         | 5 |  5.5
Poison Magic   | 5 |  5.7
Ice Magic      | 2 |  2.6
Dodging        | |  1.5
Spellcasting   | |  2.3

Action                   |  1- 3 |  4- 6 |  7- 9 | 10-12 || total
-------------------------+-------+-------+-------+-------++-------
Melee: Unarmed           |    85 |   135 |   328 |    77 ||   625
       Headbutt          |    12 |    15 |    32 |     2 ||    61
       Kick              |    12 |    31 |    52 |     1 ||    96
       Punch             |     2 |     6 |     3 |       ||    11
 Cast: Beastly Appendage |    23 |    19 |    24 |     1 ||    67
       Wereblood         |     5 |     6 |    23 |     6 ||    40
       Spider Form       |       |       |    19 |     9 ||    28
Evoke: Wand              |       |       |     2 |     2 ||     4
  Use: Scroll            |     5 |     1 |     2 |     4 ||    12
       Potion            |       |     1 |       |     3 ||     4
 Stab: Sleeping          |     1 |       |       |       ||     1
Armor: Robe              |    20 |       |       |       ||    20
       Leather armour    |    12 |    47 |   145 |     9 ||   213
       Skin              |       |     5 |    27 |    15 ||    47
Dodge: Dodged            |    60 |    52 |   298 |   118 ||   528

Table legend: (Time is in decaauts)
 A = Elapsed time spent in this place.
 B = Non-inter-level travel time spent in this place.
 C = Inter-level travel time spent in this place.
 D = Time resting spent in this place.
 E = Time spent auto-exploring this place.
 F = Levels seen in this place.
 G = Mean time per level.
                   A        B        C        D        E       F      G
               +--------+--------+--------+--------+--------+-----+--------+
         Total |  10050 |   9808 |    242 |   2588 |   5538 |   9 | 1116.7 |
       Dungeon |   9807 |   9565 |    242 |   2588 |   5337 |   8 | 1225.9 |
        Temple |    242 |    242 |      0 |      0 |    201 |   1 |  242.0 |
               +--------+--------+--------+--------+--------+-----+--------+

Top non-repeatable levels by time:
     D:7: 2387 daAuts
     D:6: 1702 daAuts
     D:3: 1525 daAuts
     D:2: 1341 daAuts
     D:5: 1172 daAuts
     D:1: 781 daAuts
     D:4: 733 daAuts
  Temple: 242 daAuts
     D:8: 162 daAuts
